 Dungeon Crawl Stone Soup version bcrawl-1.14 (webtiles) character file.

Game seed: 137170943998063201

29982 MisterOstroum the Martial Artist (level 13, -3/118 HPs)
             Began as a Gnoll Transmuter on Sept 6, 2019.
             Was an Elder of Vehumet.
             Slain by a six-headed hydra (8 damage)
             ... on level 5 of the Lair of Beasts on Sept 7, 2019.
             The game lasted 01:17:29 (19898 turns).

MisterOstroum the Martial Artist (GnTm)            Turns: 19898, Time: 01:17:29

Health: -3/118     AC:  7    Str: 15    XL:     13   Next: 48%
Magic:  26/26      EV: 16    Int: 16    God:    Vehumet [****..]
Gold:   1078       SH:  0    Dex: 18    Spells: 11/31 levels left

rFire    x . .     SeeInvis .     - Unarmed
rCold    + + +     Gourm    .   (shield currently unavailable)
rNeg     . . .     Faith    .   (armour currently unavailable)
rPois    +         Spirit   .   (helmet currently unavailable)
rElec    .         Reflect  .   (cloak currently unavailable)
rCorr    +         Harm     .   (gloves currently unavailable)
MR       .....                  (boots currently unavailable)
Stlth    ++++......             N - amulet of rage
HPRegen  0.29/turn              w - ring of poison resistance
MPRegen  0.20/turn              n - ring of resist corrosion

@: ice-form, frozen, berserk cooldown, slowed, very slow
A: large, distributed training, strong nose
a: End Transformation, Renounce Religion, Evoke Berserk Rage


You were on level 5 of the Lair of Beasts.
You worshipped Vehumet.
Vehumet was greatly pleased with you.
You were not hungry.
You were a creature of crystalline ice.
You visited 3 branches of the dungeon, and saw 15 of its levels.
You also visited: Volcano.

You collected 1204 gold pieces.
You spent 126 gold pieces at shops.

Inventory:

Hand Weapons
 s - a +0 blowgun
Missiles
 a - 2174 arrows
 c - 74 needles of confusion
 g - 2898 stones (quivered)
 i - 3 throwing nets {!f!f}
 r - 941 poisoned needles
 x - 89 poisoned tomahawks
 A - 187 tomahawks
 E - 41 curare-tipped needles
 O - 176 javelins
Armour
 b - a +0 robe (melded)
 m - a +1 hat (melded)
 v - a +0 pair of boots (melded)
 M - a +0 pair of gloves
Jewellery
 n - a ring of resist corrosion (right front paw)
 w - a ring of poison resistance (left front paw)
 D - an uncursed ring of fire {unknown}
 N - an amulet of rage (around neck)
Wands
 q - a wand of polymorph (13)
 F - a wand of acid (7)
 P - a wand of flame (14)
 Q - a wand of digging (13)
 R - a wand of paralysis (5)
 S - a wand of random effects (34)
Scrolls
 f - 10 scrolls of remove curse {@r2}
 h - 3 scrolls of enchant weapon {unknown}
 j - 3 scrolls of enchant armour {unknown}
 o - 12 scrolls of teleportation {@r3 !r}
 p - 3 scrolls of immolation
 u - 2 scrolls of fog
 y - 3 scrolls of magic mapping
 C - 4 scrolls of amnesia {unknown}
 L - 3 scrolls of fear {!r}
 U - 11 scrolls of identify {@r1}
 Z - 2 scrolls of blinking {unknown}
Potions
 d - 3 potions of lignification {@q6}
 k - 2 potions of heal wounds {@q2 !q}
 l - 4 potions of curing {unknown}
 t - a potion of flight {unknown}
 B - 2 potions of brilliance {unknown}
 G - 5 potions of mutation
 H - 2 potions of haste
 I - 3 potions of invisibility {unknown}
 J - a potion of might {@q3 !q}
 K - a potion of berserk rage {unknown}
 T - a potion of magic {unknown}
 V - 3 potions of degeneration {unknown}
 W - a potion of ambrosia {unknown}
 X - a potion of agility {@q5 !q}
Miscellaneous
 z - a box of beasts
Comestibles
 e - 27 rations {!d}


   Skills:
 + Level 8.6 Fighting
 + Level 8.2 Short Blades
 + Level 8.2 Long Blades
 + Level 8.2 Axes
 + Level 8.2 Maces & Flails
 + Level 8.2 Polearms
 + Level 8.2 Staves
 + Level 8.2 Slings
 + Level 8.2 Bows
 + Level 8.2 Crossbows
 + Level 8.2 Throwing
 + Level 8.2 Armour
 + Level 9.4 Dodging
 + Level 8.2 Stealth
 + Level 8.2 Shields
 + Level 10.4 Unarmed Combat
 + Level 9.6 Spellcasting
 + Level 6.8 Conjurations
 + Level 6.8 Hexes
 + Level 6.8 Charms
 + Level 6.8 Summonings
 + Level 6.8 Necromancy
 + Level 6.8 Translocations
 + Level 7.9 Transmutations
 + Level 6.8 Fire Magic
 + Level 6.8 Ice Magic
 + Level 6.8 Air Magic
 + Level 6.8 Earth Magic
 + Level 6.8 Poison Magic
 + Level 9.0 Invocations
 + Level 8.2 Evocations


You had 11 spell levels left.
You knew the following spells:

 Your Spells              Type           Power        Failure   Level  Hunger
a - Sandblast             Erth           ####..       1%          1    None
b - Searing Ray           Conj           ####..       1%          2    None
c - Confuse               Hex            ####....     1%          3    None
d - Corona                Hex            ####...      1%          1    None
e - Iskenderun's Mystic   Conj           ####....     1%          3    None
g - Beastly Appendage     Tmut           ####..       1%          1    None
I - Ice Form              Ice/Tmut       ####....     4%          4    ###....
S - Sticks to Snakes      Tmut           ####....     1%          2    None
Z - Spider Form           Tmut/Pois      ###          1%          3    None

Your spell library contained the following spells:

 Spells                   Type           Power        Failure   Level  Hunger
 Iskenderun's Battlesphe  Conj/Chrm      ####....     4%          5    #####..
 Shock                    Conj/Air       ####.        1%          1    None
 Ensorcelled Hibernation  Hex/Ice        ####..       1%          2    None
 Swiftness                Chrm/Air       ####....     1%          2    None
 Dazzling Spray           Conj/Hex       ####..       1%          3    None
 Static Discharge         Air            ####....     1%          3    None
 Tukima's Dance           Hex            ####....     1%          3    None
 Airstrike                Air            ####......   1%          4    ###....
 Lightning Bolt           Conj/Air       ####......   4%          5    #####..
 Blade Hands              Tmut           ####......   10%         5    #####..


Dungeon Overview and Level Annotations

Branches:
Dungeon (9/12)             Temple (1/1) D:5            Lair (5/6) D:8
 Shoals (0/3) Lair:2        Snake (0/3) Lair:3
  Slime: Lair:5-6       Orc: D:8-11

Altars:
Ashenzari
Cheibriados
Dithmenos
Elyvilon
Fedhas
Gozag
Hepliaklqana
Kikubaaqudgha
Lugonu
Makhleb
Nemelex Xobeh
Okawaru
Qazlal
Ru
Sif Muna
Trog
Uskayaw
Vehumet
Wu Jian
Xom
Yredelemnul
Zin
The Shining One

Shops:
D:6 ?

Annotations:
D:9 1 exclusion
Lair:3 1 runed translucent door, Tutankhamun's ghost, adept MiAc
Lair:4 exclusion: oklob plant


Innate Abilities, Weirdness & Mutations

Your experience applies equally to all skills.
((You have very sharp teeth.))
Your uncanny sense of smell can sniff out nearby items.


Message History

Vehumet accepts your kill.
A red film seems to cover your vision as you go berserk!
You feel yourself moving faster!
You feel mighty!
You are starving!
The six-headed hydra bites you! The six-headed hydra misses you.
The six-headed hydra bites you. The six-headed hydra bites you!
The six-headed hydra barely misses you. The six-headed hydra bites you.
You are too hungry to fight recklessly!
You are too hungry to fight recklessly!
You are too hungry to fight recklessly!
You are too hungry to fight recklessly!
You are too hungry to fight recklessly!
You are too hungry to fight recklessly!
You eat one of the 28 rations {!d}.
That ration really hit the spot!
You feel a strong urge to attack something.
The six-headed hydra bites you. The six-headed hydra bites you!
The six-headed hydra bites you but does no damage.
The six-headed hydra bites you! The six-headed hydra barely misses you.
The six-headed hydra completely misses you.
You punch the six-headed hydra!
The six-headed hydra seems to slow down.
You freeze the six-headed hydra!
The six-headed hydra is moderately wounded.
You punch the six-headed hydra! You freeze the six-headed hydra.
The six-headed hydra is heavily wounded.
The six-headed hydra bites you!
The six-headed hydra completely misses you.
The six-headed hydra bites you but does no damage.
The six-headed hydra bites you. The six-headed hydra misses you.
The six-headed hydra bites you.
You punch the six-headed hydra!
The six-headed hydra seems to slow down.
You freeze the six-headed hydra.
The six-headed hydra is severely wounded.
You pummel the six-headed hydra!! You freeze the six-headed hydra.
You kill the six-headed hydra!
Vehumet accepts your kill.
A crocodile comes into view.
You punch the yak! You freeze the yak.
The yak is heavily wounded.
You hit the yak. You freeze the yak.
The yak is severely wounded.
The yak gores you!
You pummel the yak!! You freeze the yak.
You kill the yak!
Vehumet accepts your kill.
You pummel the bullfrog!!
The bullfrog seems to slow down.
You freeze the bullfrog.
The bullfrog is almost dead.
A six-headed hydra comes into view.
The bullfrog hits you but does no damage.
The six-headed hydra roars!
You pummel the bullfrog!! You freeze the bullfrog.
You kill the bullfrog!
Vehumet accepts your kill. The rime drake breathes ice at you.
The flash freeze hits you! You partially resist.
You are encased in ice.
You barely miss the yak.
The yak is almost dead.
A rime drake comes into view.
The rime drake hisses angrily.
You pummel the yak!! You freeze the yak.
You kill the yak!
Vehumet accepts your kill.
Your Invocations skill increases to level 9!
You pummel the rime drake like a punching bag!!!
You freeze the rime drake.
You kill the rime drake!
Vehumet accepts your kill.
Items here: †††† a bullfrog corpse; a yak corpse; a hydra corpse; a yak corpse You feel a strong urge to attack something.
You are no longer berserk.
You are exhausted.
You feel yourself slow down.
You pummel the six-headed hydra!! You freeze the six-headed hydra!
The six-headed hydra is severely wounded.
The ice encasing you melts away. The six-headed hydra barely misses you.
The six-headed hydra bites you.
* * * LOW HITPOINT WARNING * * *
The six-headed hydra bites you.
* * * LOW HITPOINT WARNING * * *
The six-headed hydra closely misses you.
The six-headed hydra bites you.
* * * LOW HITPOINT WARNING * * *
The six-headed hydra bites you!
* * * LOW HITPOINT WARNING * * *
You hit the six-headed hydra. You freeze the six-headed hydra.
The six-headed hydra is severely wounded.
The rime drake breathes ice at you. The flash freeze hits you!
You partially resist.
* * * LOW HITPOINT WARNING * * *
You are encased in ice.
The six-headed hydra bites you.
* * * LOW HITPOINT WARNING * * *
The six-headed hydra bites you.
* * * LOW HITPOINT WARNING * * *
The six-headed hydra bites you!
You die...

**,,,,,,...........,,.....,,,,,,,
**,,,,,..........*,#.P...,,,,,,,
*,,,,,,,........###.?.#**,,,,*..
***,**,,,,*#......#.P.##...,,,*..
*,,,,*****##............#......#.
*,,,,*,**##.......#P...#......#..
***,,,,,...+......#.....#.....#*.
**,,,,,.......kDt#....##....##*#
*,,,,,,..##....Y##.....##...P#..
*,,***,.,*#.....†#...###P....##.
**,,*****,#......#....###.P......
*,*,,**,*........................
**,,,,,,..............###........
,*,,,,,,............### ###......
,,,,,,,,............# ### #...###
***,,,,,,..........####.####..##.
**,,,,,,..........###....##..###


You could see a six-headed hydra, a rime drake and a crocodile.

Vanquished Creatures
  3 hydras
  A catoblepas (Lair:5)
  Erica (Lair:1)
  2 two-headed ogres
  A skeletal warrior (Lair:5)
  A fire crab (Lair:4)
  Pikel (D:4)
  A centaur zombie (D:9)
  2 merfolk sirens (Lair:2)
  An elephant (Lair:4)
  A torpor snail (Lair:4)
  4 black mambas
  Joseph (D:8)
  6 cane toads
  A centaur skeleton (D:9)
  2 rime drakes
  3 komodo dragons
  2 merfolk (Lair:2)
  2 polar bears
  2 trolls (D:8)
  Prince Ribbit (D:7)
  Grinder (D:5)
  3 blink frogs (Lair:3)
  10 hippogriffs
  5 dream sheep (Lair:4)
  3 flying skulls (Volcano)
  2 wyverns
  A basilisk (Lair:3)
  3 fire bats (Lair:5)
  25 yaks
  4 vampire mosquitoes
  Edmund (D:5)
  3 nagas (Lair:3)
  11 water moccasins
  4 porcupines (Lair:3)
  2 ice beasts
  3 sky beasts
  A black bear (D:9)
  4 slaves (D:4)
  3 orc warriors
  An ogre (D:7)
  2 necrophages (D:9)
  3 wolves (Lair:3)
  2 phantoms
  4 centaurs
  4 crocodiles
  3 big kobolds
  8 bullfrogs
  2 gnoll sergeants
  A water moccasin zombie (D:6)
  3 wights (D:9)
  16 killer bees
  4 howler monkeys
  6 crimson imps
  A bullfrog zombie (D:6)
  4 jellies
  An orc priest (D:7)
  3 hounds
  5 orc wizards
  A bullfrog skeleton (D:7)
  3 iguanas
  8 worker ants
  2 killer bee zombies
  A hound zombie (D:8)
  2 hound skeletons
  A worker ant zombie (D:5)
  9 gnolls
  9 adders
  2 shadow imps
  4 oozes
  2 adder skeletons
  3 worms
  4 dart slugs
  A leopard gecko (D:1)
  37 orcs
  5 bats
  3 giant cockroaches
  9 goblins
  7 hobgoblins
  10 quokkas
  3 ball pythons
  4 frilled lizards
  14 kobolds
  8 rats
353 creatures vanquished.

Vanquished Creatures (others)
  3 fungi
  6 plants
9 creatures vanquished.

Grand Total: 362 creatures vanquished

Notes
Turn   | Place    | Note
-------+----------+-------------------------------------------
     0 | D:1      | MisterOstroum the Gnoll Transmuter began the quest for the
                  | Orb.
     0 | D:1      | Reached XP level 1. HP: 17/17 MP: 6/6
   150 | D:1      | Reached XP level 2. HP: 23/23 MP: 7/7
   159 | D:1      | Learned a level 2 spell: Sticks to Snakes
   505 | D:1      | Reached skill level 5 in Spellcasting
   505 | D:1      | Reached XP level 3. HP: 28/28 MP: 6/9
   510 | D:1      | Learned a level 3 spell: Spider Form
  1080 | D:2      | Reached skill level 1 in Invocations
  1173 | D:2      | Found a shadowy altar of Dithmenos.
  1175 | D:2      | Found a blossoming altar of Fedhas.
  1175 | D:2      | Found a shadowy altar of Dithmenos.
  1177 | D:2      | Found a shimmering altar of Xom.
  1177 | D:2      | Found a shimmering altar of Xom.
  1177 | D:2      | Found a hazy altar of Hepliaklqana.
  1355 | D:2      | Found a glowing silver altar of Zin.
  1356 | D:2      | Found an opulent altar of Gozag.
  1407 | D:2      | Found a shadowy altar of Dithmenos.
  1415 | D:2      | Reached skill level 1 in Short Blades
  1415 | D:2      | Reached skill level 1 in Long Blades
  1415 | D:2      | Reached skill level 1 in Axes
  1415 | D:2      | Reached skill level 1 in Maces & Flails
  1415 | D:2      | Reached skill level 1 in Polearms
  1415 | D:2      | Reached skill level 1 in Staves
  1415 | D:2      | Reached skill level 1 in Slings
  1415 | D:2      | Reached skill level 1 in Bows
  1415 | D:2      | Reached skill level 1 in Crossbows
  1415 | D:2      | Reached skill level 1 in Throwing
  1415 | D:2      | Reached skill level 1 in Armour
  1415 | D:2      | Reached skill level 1 in Stealth
  1415 | D:2      | Reached skill level 1 in Shields
  1415 | D:2      | Reached skill level 1 in Evocations
  1496 | D:2      | Reached XP level 4. HP: 26/34 MP: 9/11
  1859 | D:2      | Found a stormy altar of Qazlal.
  2248 | D:3      | Reached skill level 1 in Conjurations
  2248 | D:3      | Reached skill level 1 in Hexes
  2248 | D:3      | Reached skill level 1 in Charms
  2248 | D:3      | Reached skill level 1 in Summonings
  2248 | D:3      | Reached skill level 1 in Necromancy
  2248 | D:3      | Reached skill level 1 in Translocations
  2248 | D:3      | Reached skill level 1 in Fire Magic
  2248 | D:3      | Reached skill level 1 in Ice Magic
  2248 | D:3      | Reached skill level 1 in Air Magic
  2248 | D:3      | Reached skill level 1 in Earth Magic
  2248 | D:3      | Reached skill level 1 in Poison Magic
  2254 | D:3      | Reached XP level 5. HP: 25/40 MP: 9/12
  2812 | D:3      | Reached XP level 6. HP: 42/47 MP: 11/13
  3062 | D:3      | Found a shimmering blue altar of Sif Muna.
  3463 | D:4      | Reached skill level 5 in Dodging
  3571 | D:4      | Noticed Pikel
  3571 | D:4      | Noticed a slave
  3572 | D:4      | Noticed a slave
  3572 | D:4      | Noticed a slave
  3572 | D:4      | Noticed a slave
  3616 | D:4      | Killed a slave
  3623 | D:4      | Killed a slave
  3641 | D:4      | Killed a slave
  3651 | D:4      | Killed a slave
  3956 | D:4      | Killed Pikel
  3956 | D:4      | Reached skill level 7 in Unarmed Combat
  3956 | D:4      | Reached XP level 7. HP: 44/53 MP: 12/15
  4257 | D:5      | Entered Level 5 of the Dungeon
  4309 | D:5      | Got a smoking trident
  4314 | D:5      | Found a radiant altar of Vehumet.
  4317 | D:5      | Reached XP level 8. HP: 60/60 MP: 16/16
  4323 | D:5      | Noticed Grinder
  4325 | D:5      | Paralysed by Grinder for 4 turns
  4338 | D:5      | Paralysed by Grinder for 4 turns
  4341 | D:5      | Killed Grinder
  4442 | D:5      | Found a basalt altar of Yredelemnul.
  4795 | D:5      | Found a staircase to the Ecumenical Temple.
  4804 | Temple   | Entered the Ecumenical Temple
  5106 | D:5      | Became a worshipper of Vehumet
  5213 | D:5      | Noticed a two-headed ogre
  5281 | D:5      | Found a bloodstained altar of Trog.
  5282 | D:5      | Noticed Edmund
  5336 | D:5      | Killed Edmund
  6065 | D:6      | Learned a level 1 spell: Corona
  6069 | D:6      | Learned a level 3 spell: Confuse
  6074 | D:6      | Learned a level 4 spell: Ice Form
  6096 | D:6      | Found a snail-covered altar of Cheibriados.
  6266 | D:6      | Found a shattered altar of Ashenzari.
  6350 | D:6      | Noticed a hippogriff
  6356 | D:6      | Found Giseadd's Magic Scroll Emporium.
  6387 | D:5      | HP: 2/73 [vampire mosquito (2)]
  6388 | D:5      | Reached skill level 5 in Transmutations
  6388 | D:5      | Reached XP level 9. HP: 2/66 MP: 10/18
  6875 | D:6      | Found a sparkling altar of Nemelex Xobeh.
  7439 | D:6      | Reached skill level 5 in Fighting
  7597 | D:6      | Bought a scroll of fear for 42 gold pieces
  7597 | D:6      | Bought a scroll of identify for 24 gold pieces
  7597 | D:6      | Bought a scroll of teleportation for 36 gold pieces
  7597 | D:6      | Bought a scroll of fog for 24 gold pieces
  7766 | D:7      | Reached * piety under Vehumet
  7766 | D:7      | Offered knowledge of Sandblast by Vehumet.
  7771 | D:7      | Learned a level 1 spell: Sandblast
  7885 | D:7      | Found a white marble altar of Elyvilon.
  7895 | D:7      | Reached skill level 8 in Unarmed Combat
  8407 | D:7      | Reached skill level 5 in Invocations
  8560 | D:7      | Noticed Prince Ribbit
  8571 | D:7      | Killed Prince Ribbit
  8571 | D:7      | Reached XP level 10. HP: 74/74 MP: 15/20
  8890 | D:8      | Noticed Joseph
  9118 | D:8      | Killed Joseph
  9430 | D:8      | Noticed a five-headed hydra
  9451 | D:8      | Reached skill level 5 in Short Blades
  9451 | D:8      | Reached skill level 5 in Long Blades
  9451 | D:8      | Reached skill level 5 in Axes
  9451 | D:8      | Reached skill level 5 in Maces & Flails
  9451 | D:8      | Reached skill level 5 in Polearms
  9451 | D:8      | Reached skill level 5 in Staves
  9451 | D:8      | Reached skill level 5 in Slings
  9451 | D:8      | Reached skill level 5 in Bows
  9451 | D:8      | Reached skill level 5 in Crossbows
  9451 | D:8      | Reached skill level 5 in Throwing
  9451 | D:8      | Reached skill level 5 in Armour
  9451 | D:8      | Reached skill level 5 in Stealth
  9451 | D:8      | Reached skill level 5 in Shields
  9451 | D:8      | Reached skill level 5 in Evocations
  9583 | D:8      | Offered knowledge of Searing Ray by Vehumet.
  9592 | D:8      | Learned a level 2 spell: Searing Ray
  9658 | D:8      | Noticed a +0 dagger
  9658 | D:8      | Noticed a +0 dagger
  9659 | D:8      | Found a hide-covered altar of Uskayaw.
  9673 | D:8      | Reached ** piety under Vehumet
 10703 | D:9      | Reached XP level 11. HP: 75/81 MP: 22/22
 10936 | D:9      | Offered knowledge of Iskenderun's Mystic Blast by Vehumet.
 11016 | D:9      | Noticed a seven-headed hydra
 11317 | D:9      | Reached *** piety under Vehumet
 11447 | D:8      | Reached skill level 9 in Unarmed Combat
 11462 | D:8      | Reached skill level 5 in Conjurations
 11462 | D:8      | Reached skill level 5 in Hexes
 11462 | D:8      | Reached skill level 5 in Charms
 11462 | D:8      | Reached skill level 5 in Summonings
 11462 | D:8      | Reached skill level 5 in Necromancy
 11462 | D:8      | Reached skill level 5 in Translocations
 11462 | D:8      | Reached skill level 5 in Fire Magic
 11462 | D:8      | Reached skill level 5 in Ice Magic
 11462 | D:8      | Reached skill level 5 in Air Magic
 11462 | D:8      | Reached skill level 5 in Earth Magic
 11462 | D:8      | Reached skill level 5 in Poison Magic
 11681 | D:8      | Found a staircase to the Lair.
 11695 | D:8      | Noticed a two-headed ogre
 11781 | D:8      | Killed a five-headed hydra
 11908 | D:5      | Killed a two-headed ogre
 12107 | D:8      | Killed a two-headed ogre
 12146 | Lair:1   | Entered Level 1 of the Lair of Beasts
 12151 | Lair:1   | Learned a level 3 spell: Iskenderun's Mystic Blast
 12491 | Lair:1   | Noticed Erica
 12500 | Lair:1   | Offered knowledge of Mephitic Cloud by Vehumet.
 12506 | Lair:1   | Killed Erica
 12778 | Lair:1   | Reached XP level 12. HP: 91/91 MP: 24/24
 13899 | Lair:2   | Found a staircase to the Shoals.
 15435 | Lair:3   | Found a runed translucent door.
 15439 | Lair:3   | Noticed Tutankhamun's ghost (adept MiAc)
 15734 | Lair:3   | Reached **** piety under Vehumet
 15805 | Lair:3   | Offered knowledge of Iskenderun's Battlesphere by Vehumet.
 15905 | Lair:3   | Found a staircase to the Snake Pit.
 16443 | Lair:4   | Reached skill level 10 in Unarmed Combat
 17066 | Lair:4   | Reached XP level 13. HP: 98/98 MP: 26/26
 19075 | Lair:5   | Found a dark tunnel.
 19201 | Volcano  | Entered a volcano
 19898 | Lair:5   | HP: 5/118 [six-headed hydra (1)]
 19898 | Lair:5   | Slain by a six-headed hydra

Skill      XL: |  1  2  3  4  5  6  7  8  9 10 11 12 13 |
---------------+----------------------------------------+-----
Spellcasting   | 5 6 7 8 9 |  9.6
Invocations    | 1 3 4 5 6 7 8 9 |  9.0
Short Blades   | 1 2 3 4 5 6 7 8 |  8.2
Long Blades    | 1 2 3 4 5 6 7 8 |  8.2
Axes           | 1 2 3 4 5 6 7 8 |  8.2
Maces & Flails | 1 2 3 4 5 6 7 8 |  8.2
Polearms       | 1 2 3 4 5 6 7 8 |  8.2
Staves         | 1 2 3 4 5 6 7 8 |  8.2
Slings         | 1 2 3 4 5 6 7 8 |  8.2
Bows           | 1 2 3 4 5 6 7 8 |  8.2
Crossbows      | 1 2 3 4 5 6 7 8 |  8.2
Throwing       | 1 2 3 4 5 6 7 8 |  8.2
Armour         | 1 2 3 4 5 6 7 8 |  8.2
Stealth        | 1 2 3 4 5 6 7 8 |  8.2
Shields        | 1 2 3 4 5 6 7 8 |  8.2
Evocations     | 1 2 3 4 5 6 7 8 |  8.2
Conjurations   | 1 2 3 4 5 6 |  6.8
Hexes          | 1 2 3 4 5 6 |  6.8
Charms         | 1 2 3 4 5 6 |  6.8
Summonings     | 1 2 3 4 5 6 |  6.8
Necromancy     | 1 2 3 4 5 6 |  6.8
Translocations | 1 2 3 4 5 6 |  6.8
Fire Magic     | 1 2 3 4 5 6 |  6.8
Ice Magic      | 1 2 3 4 5 6 |  6.8
Air Magic      | 1 2 3 4 5 6 |  6.8
Earth Magic    | 1 2 3 4 5 6 |  6.8
Poison Magic   | 1 2 3 4 5 6 |  6.8
Fighting       | 3 4 5 6 7 8 |  8.6
Transmutations | 4 5 6 7 |  7.9
Dodging        | 5 6 7 8 9 |  9.4
Unarmed Combat | 7 8 9 10 | 10.4

Action                   |  1- 3 |  4- 6 |  7- 9 | 10-12 | 13-15 || total
-------------------------+-------+-------+-------+-------+-------++-------
Melee: Unarmed           |    72 |   135 |   258 |   526 |   115 ||  1106
       Bite              |     9 |     4 |     1 |       |       ||    14
       Headbutt          |     2 |     1 |       |       |       ||     3
       Punch             |     2 |     1 |       |       |       ||     3
       Kick              |     1 |     2 |       |       |       ||     3
       Blowgun           |       |     1 |       |       |       ||     1
 Fire: Blowgun           |       |    33 |       |       |       ||    33
Throw: Stone             |    91 |    19 |       |    19 |       ||   129
 Cast: Beastly Appendage |     5 |     3 |     1 |       |       ||     9
       Spider Form       |     3 |    14 |     2 |     3 |     2 ||    24
       Sticks to Snakes  |     1 |       |       |       |       ||     1
       Corona            |       |       |     9 |    12 |       ||    21
       Ice Form          |       |       |     5 |     5 |     3 ||    13
       Confuse           |       |       |     3 |    10 |     1 ||    14
       Searing Ray       |       |       |       |     1 |       ||     1
       Iskenderun's Myst |       |       |       |       |     1 ||     1
 Abil: End Transformatio |       |       |     3 |     5 |     1 ||     9
       Evoke Berserk Rag |       |       |       |    19 |     7 ||    26
Evoke: Wand              |       |       |       |     1 |       ||     1
  Use: Scroll            |       |       |     5 |     3 |     1 ||     9
       Potion            |       |       |       |       |     1 ||     1
 Stab: Sleeping          |     4 |     4 |     7 |     9 |     3 ||    27
       Distracted        |       |       |     1 |       |       ||     1
       Confused          |       |       |       |     5 |       ||     5
  Eat: Chunk             |     2 |     9 |    12 |    36 |     6 ||    65
       Ration            |       |       |     1 |     3 |     3 ||     7
Armor: Robe              |     5 |     6 |     2 |       |       ||    13
       Skin              |       |     3 |     8 |    32 |     7 ||    50
Dodge: Dodged            |    42 |   120 |   208 |   404 |    93 ||   867
